 Dungeon Crawl Stone Soup version 0.18-a0-337-g1235303 (webtiles) character file.

10358 xeno23 the Carver (level 11, 0/86 HPs)
             Began as a Demigod Air Elementalist on Nov 28, 2015.
             Slain by a blink frog (7 damage)
             ... on level 9 of the Dungeon.
             The game lasted 01:16:11 (12870 turns).

xeno23 the Carver (Demigod Air Elementalist)       Turns: 12870, Time: 01:16:12

Health: 0/86       AC: 15    Str: 17    XL:     11   Next: 13%
Magic:  19/22      EV: 14    Int: 19    God:
Gold:   552        SH:  0    Dex: 16    Spells: 5 memorised, 9 levels left

rFire  + . .     SeeInvis .     w - +2 falchion (slice)
rCold  . . .     Clarity  .     X - +2 scale mail {rF+}
rNeg   . . .     SustAt   +     (no shield)
rPois  .         Gourm    +     g - +1 hat {MR+}
rElec  .         Spirit   .     F - +1 cloak {+Inv}
rCorr  .         Warding  .     (no gloves)
rMut   .         Stasis   .     Y - +2 pair of boots
MR     +++..                    e - amulet of the gourmand
Stlth  +.........               Z - ring of protection from magic
                                u - +1 ring of evasion

@: repel missiles, extremely resistant to hostile enchantments, very unstealthy
A: high mp 1, sustain attributes
a: Evoke Invisibility


You were on level 9 of the Dungeon.
You were full.

You visited 2 branches of the dungeon, and saw 11 of its levels.

You collected 708 gold pieces.
You spent 156 gold pieces at shops.

Inventory:

Hand Weapons
 d - a +0 dagger of venom
 w - a +2 falchion of slicing (weapon)
 z - the +5 mace of Hubloqas {pain, Int+5 Dex+5}
   (You found it on level 4 of the Dungeon)

   In the hands of one skilled in necromantic magic, it inflicts extra damage on
   living creatures.
   It affects your intelligence (+5).
   It affects your dexterity (+5).
Missiles
 l - 50 poisoned needles
 I - 7 javelins (quivered)
Armour
 g - a +1 hat of magic resistance (worn)
 q - a +0 leather armour of cold resistance
 F - a +1 cloak of invisibility (worn)
 L - a +0 pair of boots
 X - a +2 scale mail of fire resistance (worn)
 Y - a +2 pair of boots (worn)
Jewellery
 e - an amulet of the gourmand (around neck)
 u - a +1 ring of evasion (left hand)
 C - an uncursed ring of teleportation
 H - an uncursed ring of protection from fire
 Z - a ring of protection from magic (right hand)
Wands
 f - a wand of lightning (1)
 i - a wand of paralysis (11)
 y - a wand of teleportation (3)
 K - a wand of digging (16)
 P - a wand of fireball (10)
 S - a wand of digging (15)
 W - a wand of draining (9)
Scrolls
 a - 3 scrolls of enchant weapon
 h - 6 scrolls of teleportation
 j - 4 scrolls of amnesia
 m - 2 scrolls of fog
 s - a scroll of remove curse
 D - a scroll of magic mapping
 E - 2 scrolls of blinking
 N - a scroll of fear
 R - a scroll of recharging
Potions
 k - a potion of lignification
 n - a potion of brilliance
 t - 2 potions of magic
 v - a potion of mutation {unknown}
 x - 3 potions of curing
 B - 2 potions of flight
 G - a potion of poison {unknown}
 O - a potion of might
 Q - a potion of invisibility
Books
 b - a book of Air

   Spells                             Type                      Level
   a - Shock                          Conjuration/Air              1
   b - Swiftness                      Charms/Air                   2
   c - Repel Missiles                 Charms/Air                   2
   d - Static Discharge               Conjuration/Air              3
   e - Lightning Bolt                 Conjuration/Air              5
 J - a Young Poisoner's Handbook

   Spells                             Type                      Level
   a - Sting                          Conjuration/Poison           1
   b - Cure Poison                    Poison                       2
   c - Mephitic Cloud                 Conjuration/Poison/Air       3
   d - Olgreb's Toxic Radiance        Poison                       4
   e - Venom Bolt                     Conjuration/Poison           5
 T - a book of Debilitation

   Spells                             Type                      Level
   a - Corona                         Hexes                        1
   b - Slow                           Hexes                        2
   c - Gell's Gravitas                Hexes/Translocation          3
   d - Inner Flame                    Hexes/Fire                   3
   e - Cause Fear                     Hexes                        4
   f - Leda's Liquefaction            Hexes/Earth                  4
 U - a book of Death

   Spells                             Type                      Level
   a - Corpse Rot                     Necromancy                   2
   b - Sublimation of Blood           Necromancy                   2
   c - Agony                          Necromancy                   5
   d - Dispel Undead                  Necromancy                   5
   e - Excruciating Wounds            Charms/Necromancy            5
   f - Bolt of Draining               Conjuration/Necromancy       5
 V - a book of Changes

   Spells                             Type                      Level
   a - Beastly Appendage              Transmutation                1
   b - Sticks to Snakes               Transmutation                2
   c - Spider Form                    Transmutation/Poison         3
   d - Ice Form                       Ice/Transmutation            4
   e - Blade Hands                    Transmutation                5
Comestibles
 c - 8 bread rations
 o - 3 meat rations
 r - 3 fruits
 A - 11 beef jerkies
 M - 7 slices of pizza


   Skills:
 + Level 5.1 Fighting
 * Level 8.9 Long Blades
 + Level 5.3 Armour
 + Level 5.8 Dodging
 - Level 1.7 Stealth
 - Level 5.0 Spellcasting
 * Level 6.6 Conjurations
 + Level 2.2 Charms
 * Level 5.5 Air Magic
 - Level 1.0 Evocations


You had 9 spell levels left.
You knew the following spells:

 Your Spells              Type           Power        Failure   Level  Hunger
a - Shock                 Conj/Air       ####         3%          1    None
b - Swiftness             Chrm/Air       ###.....     14%         2    #......
q - Static Discharge      Conj/Air       ####....     12%         3    ##.....
r - Repel Missiles        Chrm/Air       ###...       14%         2    #......
s - Mephitic Cloud        Conj/Pois/Air  ###.....     24%         3    ##.....


Dungeon Overview and Level Annotations

Branches:
Dungeon (10/15)            Temple (0/1) D:6            Lair (1/8) D:9
    Orc: D:9-12

Shops:
D:6 (   D:8 *


Innate Abilities, Weirdness & Mutations

You have an increased reservoir of magic (+10% MP).
Your attributes are resistant to harm.


Message History

The blink frog blinks!
The komodo dragon hisses menacingly.
You see here a giant club.
Things that are here:
a chain mail; a mace An orc comes into view.
It is wielding a war axe of electrocution.
The orc barely misses you.
The blink frog blinks!
Press: ? - help, v - describe, . - travel
Here: an orc, wielding a war axe of electrocution and wearing a chain mail The floor.
An orc and an orc wizard come into view.
The orc shouts!
The orc wizard gestures at you while chanting.
The puff of frost is repelled.
The blink frog hits you!
* * * LOW HITPOINT WARNING * * *
You take 8 damage.
The blink frog hits you.
* * * LOW HITPOINT WARNING * * *
The blink frog hits you!
You die...

#...###.....##........#
##.## #.....##.#####..#
###.####...<.##.#####..#
#......#.....##........#
####.####.##.....########.#
.##...# #.##.....# #.#
......###......l.#### #.#
.##...#.........F...# #.#
#######........o@...# #.#
###.............# ###.#
#...............###...#
#....o...>.......##.### #
###.#.(.o..........##.# #
#[.................##.# #
#.#.#.................# #
#.#.#.............##### #
#.#......#.##.#####


You could see a komodo dragon, a blink frog, an orc wizard and 2 orcs.

Vanquished Creatures
  Maurice (D:8)
  A spiny frog (Lair:1)
  A centaur skeleton (D:9)
  2 blink frogs (D:9)
  Grinder (D:4)
  A boulder beetle (D:7)
  Sigmund (D:4)
  A wyvern (D:9)
  5 yaks
  2 hippogriffs (Lair:1)
  A human (D:7)
  Grum (D:8)
  2 hungry ghosts (D:9)
  4 wolves (D:8)
  2 ice beasts
  4 water moccasins
  3 porcupines
  6 orc warriors
  9 ogres
  2 sky beasts
  A black bear (D:9)
  A necrophage (D:9)
  A centaur (D:8)
  6 phantoms
  A big kobold (D:9)
  2 crocodiles (Lair:1)
  6 giant frogs
  A water moccasin skeleton (D:9)
  A wyvern skeleton (D:7)
  4 scorpions
  8 hounds
  2 jellies
  3 iguanas
  13 orc priests
  11 orc wizards
  A crimson imp (D:6)
  6 giant frog skeletons
  11 worker ants
  A killer bee zombie (D:6)
  A statue (D:7)
  3 sheep (D:7)
  A hound zombie (D:8)
  2 hound skeletons
  4 worker ant zombies
  9 gnolls
  24 adders
  15 river rats
  2 shadow imps
  3 oozes
  7 worms
  3 giant geckos
  78 orcs
  11 ball pythons
  8 hobgoblins
  4 quokkas
  4 bats
  5 giant cockroaches
  A giant gecko skeleton (D:4)
  A giant gecko zombie (D:5)
  9 giant newts
  12 goblins
  7 jackals
  A jackal zombie (D:7)
  9 kobolds
  12 rats
366 creatures vanquished.

Notes
Turn   | Place    | Note
--------------------------------------------------------------
     0 | D:1      | xeno23 the Demigod Air Elementalist began the quest for the Orb.
     0 | D:1      | Reached XP level 1. HP: 14/14 MP: 5/5
    45 | D:1      | Reached skill level 1 in Conjurations
   224 | D:1      | Found a stormy altar of Qazlal.
   370 | D:1      | Reached XP level 2. HP: 20/20 MP: 4/7
   999 | D:2      | Reached skill level 3 in Air Magic
   999 | D:2      | Reached XP level 3. HP: 26/26 MP: 5/9
  1715 | D:2      | Learned a level 2 spell: Swiftness
  1718 | D:2      | Learned a level 2 spell: Repel Missiles
  1759 | D:3      | Reached XP level 4. HP: 15/33 MP: 0/10
  1851 | D:3      | Noticed a sky beast
  2009 | D:3      | Found a blossoming altar of Fedhas.
  2009 | D:3      | Found a deep blue altar of Sif Muna.
  2009 | D:3      | Found a snail-covered altar of Cheibriados.
  2781 | D:3      | Killed a sky beast
  2781 | D:3      | Reached skill level 4 in Air Magic
  2781 | D:3      | Reached XP level 5. HP: 19/38 MP: 12/12
  2847 | D:3      | Learned a level 3 spell: Static Discharge
  3434 | D:4      | Reached XP level 6. HP: 46/46 MP: 5/13
  3522 | D:4      | Reached skill level 1 in Fighting
  3529 | D:4      | Reached skill level 1 in Charms
  3539 | D:4      | Reached skill level 1 in Armour
  3659 | D:4      | Noticed Sigmund
  3676 | D:4      | Killed Sigmund
  3676 | D:4      | Reached XP level 7. HP: 18/53 MP: 2/15
  3992 | D:4      | Got a jewelled mace
  3998 | D:4      | Identified the +5 mace of Hubloqas {pain, Int+5 Dex+5} (You found it on level 4 of the Dungeon)
  4052 | D:4      | Noticed Grinder
  4284 | D:4      | Killed Grinder
  4484 | D:4      | Reached XP level 8. HP: 50/62 MP: 10/17
  4671 | D:5      | Entered Level 5 of the Dungeon
  4691 | D:5      | Reached skill level 5 in Air Magic
  5440 | D:5      | Reached skill level 5 in Conjurations
  5446 | D:5      | Reached skill level 1 in Long Blades
  5718 | D:6      | Found Gorurhin's Weapon Shop.
  6005 | D:6      | Found a staircase to the Ecumenical Temple.
  6107 | D:6      | Reached XP level 9. HP: 70/70 MP: 10/19
  7035 | D:6      | Reached skill level 5 in Spellcasting
  7674 | D:7      | Reached skill level 6 in Conjurations
  7683 | D:7      | Reached skill level 5 in Dodging
  7773 | D:7      | Found a radiant altar of Vehumet.
  8569 | D:8      | Noticed Maurice
  8718 | D:8      | Found Gajaolom's General Store.
  8735 | D:8      | Bought a potion of flight for 36 gold pieces
  8735 | D:8      | Bought a scroll of magic mapping for 42 gold pieces
  8735 | D:8      | Bought a potion of curing for 36 gold pieces
  8735 | D:8      | Bought a scroll of fear for 42 gold pieces
  8752 | D:8      | Found a shimmering altar of Xom.
  9000 | D:8      | Killed Maurice
  9000 | D:8      | Reached XP level 10. HP: 75/80 MP: 21/21
  9218 | D:8      | Found an opulent altar of Gozag.
  9223 | D:8      | Found a glowing silver altar of Zin.
  9311 | D:8      | Reached skill level 5 in Armour
  9325 | D:8      | Reached skill level 1 in Evocations
  9326 | D:8      | Found a burning altar of Makhleb.
  9342 | D:8      | Noticed Grum
  9362 | D:8      | Killed Grum
  9513 | D:8      | Reached skill level 5 in Long Blades
  9611 | D:9      | Found a staircase to the Lair.
  9829 | D:9      | Found a sacrificial altar of Ru.
 10116 | D:9      | Reached skill level 7 in Long Blades
 10552 | D:9      | Found a roughly hewn altar of Beogh.
 10625 | D:9      | Reached skill level 8 in Long Blades
 10748 | D:10     | Entered Level 10 of the Dungeon
 11487 | D:10     | Noticed a hill giant
 11614 | D:9      | Learned a level 3 spell: Mephitic Cloud
 11686 | Lair:1   | Entered Level 1 of the Lair of Beasts
 12081 | Lair:1   | Reached XP level 11. HP: 83/85 MP: 16/22
 12316 | Lair:1   | Reached skill level 5 in Fighting
 12870 | D:9      | Slain by a blink frog

Vault maps used:
D:1:      dpeg_arrival_radiant, kennysheep_flooded_box, hangedman_decor_push
D:3:      gammafunk_temple_overflow_forgotten
D:4:      kennysheep_dice, uniq_grinder, uniq_sigmund
D:5:      first_bread, portal_sewer_entry_e, grunt_ministairs_7
D:6:      minmay_temple_entry_nine_rooms, serial_shops, nicolae_shop_crystal
D:7:      boulder_indie, vehumet_statue, grunt_livestock
D:8:      grunt_temple_overflow_gold_and_silver, kennysheep_mini_moat,
          basic_altar, serial_shops, shop, uniq_maurice, uniq_grum
D:9:      dpeg_lair_monsters, special_room, nicolae_ru_awakened_eye
D:10:     orc_0_dummy, basic_altar
Lair:1:   nicolae_lair_grove_arrangements, beast_lair_carwin_2

Action                   |  1- 3 |  4- 6 |  7- 9 | 10-12 || total
-------------------------+-------+-------+-------+-------++-------
Melee: Dagger            |    37 |    80 |    81 |   102 ||   300
       Mace              |       |       |     4 |       ||     4
       Falchion          |       |       |   195 |   209 ||   404
 Cast: Shock             |    84 |    82 |   326 |   195 ||   687
       Repel Missiles    |     1 |       |       |       ||     1
       Static Discharge  |       |     3 |    29 |    22 ||    54
       Swiftness         |       |       |       |     1 ||     1
       Mephitic Cloud    |       |       |       |     3 ||     3
 Abil: Evoke Teleportati |       |       |     2 |       ||     2
  Use: Scroll            |     9 |     1 |    11 |     3 ||    24
       Potion            |       |       |     1 |     1 ||     2
 Stab: Sleeping          |       |     1 |     1 |     2 ||     4
       Confused          |       |       |       |     1 ||     1
  Eat: Chunk             |     2 |     7 |    30 |    21 ||    60
